 Dungeon Crawl Stone Soup version 0.27-a0-385-g3208abaabc (webtiles) character file.

Game seed: 5364426677033944611

636 djmy96 the Covert (level 7, 0/51 HPs)
             Began as a Vampire Brigand on Feb 18, 2021.
             Slain by a phantom (6 damage)
             ... on level 5 of the Dungeon.
             The game lasted 00:14:33 (5127 turns).

djmy96 the Covert (Vampire Brigand)                 Turns: 5127, Time: 00:14:33

Health: 0/51       AC:  3    Str: 10    XL:     7   Next: 25%
Magic:  7/7        EV: 14    Int: 14    God:
Gold:   209        SH:  0    Dex: 17    Spells: 6/6 levels left

rFire    . . .     SeeInvis +   x - +2 dagger (vamp)
rCold    . . .     Faith    .   (no shield)
rNeg     . . .     Spirit   .   b - +0 robe
rPois    .         Reflect  .   (no helmet)
rElec    .         Harm     .   c - +0 cloak
rCorr    .         Rampage  .   (no gloves)
Will     .....                  (no boots)
Stlth    ++++......             (no amulet)
HPRegen  0.37/turn              (no ring)
MPRegen  0.10/turn              (no ring)

@: regenerating quickly
A: fangs 3, see invisible, unbreathing
a: Exsanguinate


You were on level 5 of the Dungeon.
You visited 1 branch of the dungeon, and saw 5 of its levels.

You collected 209 gold pieces.

Inventory:

Hand Weapons
 x - a +2 vampiric dagger (weapon)
Missiles
 d - 25 poisoned darts
 e - a curare-tipped dart
 m - 14 boomerangs (quivered)
Armour
 b - a +0 robe (worn)
 c - a +0 cloak (worn)
Wands
 v - a wand of charming (7)
 y - a wand of polymorph (3)
Scrolls
 f - 2 scrolls of random uselessness {unknown}
 i - a scroll of noise {unknown}
 j - 2 scrolls of magic mapping {unknown}
 o - 5 scrolls of identify {unknown}
 q - 2 scrolls of fog {unknown}
 r - a scroll of enchant armour {unknown}
 s - 2 scrolls of fear {unknown}
 t - a scroll of amnesia {unknown}
 w - a scroll of teleportation {unknown}
Potions
 a - a potion of might {unknown}
 g - a potion of ambrosia {unknown}
 h - a potion of haste {unknown}
 k - a potion of lignification {unknown}
 l - a potion of attraction {unknown}
 n - 2 potions of mutation {unknown}
 p - a potion of invisibility {unknown}
 u - a potion of brilliance {unknown}
 z - a potion of magic {unknown}
 A - a potion of heal wounds {unknown}
 B - a potion of curing {unknown}


   Skills:
 + Level 2.9 Fighting
 + Level 4.6 Short Blades
 + Level 2.5 Throwing
 + Level 3.4 Dodging
 + Level 8.9 Stealth
 + Level 1.8 Evocations


You had 6 spell levels left.
You didn't know any spells.
Your spell library contained the following spells:

 Spells                   Type           Power        Failure   Level
 Beastly Appendage        Tmut           0%           28%         1
 Wereblood                Tmut           0%           41%         2
 Spider Form              Tmut/Pois      0%           65%         3
 Ice Form                 Ice/Tmut       0%           96%         4
 Blade Hands              Tmut           0%           100%        5


Dungeon Overview and Level Annotations

Branches:
Dungeon (5/15)
 Temple: D:4-7

Altars:
Hepliaklqana
Makhleb
Xom

Shops:
D:4 :


Innate Abilities, Weirdness & Mutations

Your natural rate of healing is unusually fast.
You have razor-sharp teeth.
You have supernaturally acute eyesight. (SInv)
You can survive without breathing.


Message History

You throw a boomerang.
The boomerang barely misses the phantom.
The phantom barely misses you.
Throw: 14 boomerangs
Press: ? - help, Q - select action, (/) - cycle Shift-Dir - straight line, f/p - phantom
Aim: a phantom (lava, severely damaged, 51% to hit)
You throw a boomerang.
The boomerang closely misses the phantom.
The phantom barely misses you.
Throw: 14 boomerangs
Press: ? - help, Q - select action, (/) - cycle Shift-Dir - straight line, f/p - phantom
Aim: a phantom (lava, severely damaged, 51% to hit)
You throw a boomerang. The boomerang hits the phantom.
The phantom is almost destroyed.
The phantom misses you. The phantom hits you.
* * * LOW HITPOINT WARNING * * *
The phantom blinks!
Aiming: Charm
Press: ? - help, Shift-Dir - straight line, f/p - phantom
Aim: a phantom (lava, almost destroyed, chance to affect: 33%)
Okay, then.
Throw: 14 boomerangs
Press: ? - help, Q - select action, (/) - cycle Shift-Dir - straight line, f/p - phantom
Aim: a phantom (lava, almost destroyed, 51% to hit)
You throw a boomerang. The boomerang hits the phantom.
The phantom is almost destroyed.
Unknown command.
Unknown command.
Throw: 14 boomerangs
Press: ? - help, Q - select action, (/) - cycle Shift-Dir - straight line, f/p - phantom
Aim: a phantom (black smoke, lava, almost destroyed, 51% to hit)
You throw a boomerang.
The boomerang closely misses the phantom.
Unknown command.
Throw: 14 boomerangs
Press: ? - help, Q - select action, (/) - cycle Shift-Dir - straight line, f/p - phantom
Aim: a phantom (lava, almost destroyed, 51% to hit)
You throw a boomerang. The boomerang misses the phantom.
The phantom hits you.
You die...

#########
#≈≈≈≈§≈§#
#≈≈≈.≈≈≈#
###≈≈.≈.≈≈#
#.'§§§.§.≈#
#.#§≈§≈.≈≈#
#.#§≈W@≈§§#
#.#§≈≈≈≈§§#
#§#########
#.##### #.#
#.....#...
#######.#.#
..........#
#######.###
#.#


You could see a phantom.

Vanquished Creatures
  Grinder (D:3)
  An ogre (D:4)
  An orc priest (D:4)
  A centaur skeleton (D:4)
  Jessica (D:2)
  An iguana (D:4)
  Terence (D:3)
  Ijyb (D:3)
  Natasha (twice) (D:3)
  2 orc wizards
  2 worker ants (D:4)
  A worker ant zombie (D:5)
  8 adders
  6 worms
  3 dart slugs
  3 leopard geckos
  12 orcs
  5 bats
  3 giant cockroaches
  9 hobgoblins
  2 jackals (D:3)
  5 kobolds
  A quokka (D:2)
  A ball python (D:4)
  2 frilled lizards
  5 goblins
  5 rats
85 creatures vanquished.

Vanquished Creatures (collateral kills)
  3 orcs (D:4)
  A rat (D:3)
4 creatures vanquished.

Vanquished Creatures (others)
  A jelly (D:4)
  Natasha (D:3)
  A worker ant (D:4)
  A leopard gecko (D:3)
4 creatures vanquished.

Grand Total: 93 creatures vanquished

Notes
Turn   | Place    | Note
-------+----------+-------------------------------------------
     0 | D:1      | djmy96 the Vampire Brigand began the quest for the Orb.
     0 | D:1      | Reached XP level 1. HP: 16/16 MP: 1/1
    39 | D:1      | Reached skill level 6 in Stealth
   230 | D:1      | Reached XP level 2. HP: 22/22 MP: 2/2
   840 | D:2      | Noticed Jessica
   842 | D:2      | Killed Jessica
   843 | D:2      | Reached skill level 7 in Stealth
   843 | D:2      | Reached XP level 3. HP: 27/27 MP: 3/3
  1119 | D:2      | Found a faded altar of an unknown god.
  1164 | D:2      | Reached XP level 4. HP: 33/33 MP: 4/4
  1171 | D:2      | Became a worshipper of Hepliaklqana the Forgotten
  1171 | D:2      | Reached * piety under Hepliaklqana
  1174 | D:2      | Fell from the grace of Hepliaklqana
  1522 | D:3      | Noticed Natasha
  1530 | D:3      | Killed Natasha
  1571 | D:3      | Noticed Grinder
  1938 | D:3      | Noticed Terence
  1959 | D:3      | Killed Terence
  2018 | D:3      | Noticed Natasha
  2030 | D:3      | Paralysed by Grinder for 2 turns
  2045 | D:3      | Your ally died
  2063 | D:3      | Killed Grinder
  2064 | D:3      | Was forgiven by Hepliaklqana
  2064 | D:3      | Reached skill level 8 in Stealth
  2064 | D:3      | Reached XP level 5. HP: 13/39 MP: 5/5
  2340 | D:3      | Noticed Natasha
  2357 | D:3      | Killed Natasha
  2358 | D:3      | Reached XP level 6. HP: 18/46 MP: 6/6
  2440 | D:3      | Noticed Ijyb
  2448 | D:3      | Killed Ijyb
  2609 | D:3      | Reached skill level 1 in Evocations
  4193 | D:4      | Reached XP level 7. HP: 25/51 MP: 7/7
  4587 | D:4      | Found Toyciagif's Book Shoppe.
  4613 | D:4      | Found a shimmering altar of Xom.
  4613 | D:4      | Found a burning altar of Makhleb.
  5051 | D:5      | Entered Level 5 of the Dungeon
  5127 | D:5      | Slain by a phantom

Illustrated notes

Levels and vault maps discovered:
D:1:      dpeg_arrival_tiny_a, layout_loops_cross
D:2:      layout_basic, chequers_ecumenical_altar_simple, uniq_jessica
D:3:      layout_basic, uniq_natasha, uniq_ijyb, uniq_grinder, uniq_terence
D:4:      layout_cave_pools, grunt_temple_overflow_champion_of_chaos,
          serial_shops, nicolae_shop_behind_doors, grunt_tough_drop
D:5:      layout_basic, minmay_temple_entry_sparse_star,
          kennysheep_generic_room_9

Skill      XL: |  1  2  3  4  5  6 |
---------------+-------------------+-----
Stealth        | 6 7 8 |  8.9
Fighting       | 2 |  2.9
Short Blades   | 3 4 |  4.6
Throwing       | 2 |  2.5
Dodging        | 2 3 |  3.4
Evocations     | 1 |  1.8

Action                   |  1- 3 |  4- 6 |  7- 9 || total
-------------------------+-------+-------+-------++-------
Melee: Dagger            |    47 |   229 |    30 ||   306
       Bite              |     4 |    30 |     3 ||    37
Throw: Dart              |       |    19 |    13 ||    32
       Boomerang         |       |       |    35 ||    35
Invok: Renounce Religion |       |     1 |       ||     1
Evoke: Wand              |       |    21 |     3 ||    24
 Stab: Sleeping          |    10 |    11 |     4 ||    25
Armor: Robe              |     7 |    18 |     6 ||    31
Dodge: Dodged            |    31 |   146 |    31 ||   208

Table legend: (Time is in decaauts)
 A = Elapsed time spent in this place.
 B = Non-inter-level travel time spent in this place.
 C = Inter-level travel time spent in this place.
 D = Time resting spent in this place.
 E = Time spent auto-exploring this place.
 F = Levels seen in this place.
 G = Mean time per level.
                   A        B        C        D        E       F      G
               +--------+--------+--------+--------+--------+-----+--------+
         Total |   5094 |   4913 |    181 |    138 |   3599 |   5 | 1018.8 |
       Dungeon |   5094 |   4913 |    181 |    138 |   3599 |   5 | 1018.8 |
               +--------+--------+--------+--------+--------+-----+--------+

Top non-repeatable levels by time:
     D:3: 2272 daAuts
     D:4: 1138 daAuts
     D:2: 936 daAuts
     D:1: 668 daAuts
     D:5: 79 daAuts
